 Dungeon Crawl Stone Soup version 0.30-a0-476-g330ca2eb8e (webtiles) character file.

Game seed: 13098693044052144213

253 NinjaNoafa the Grasshopper (level 6, -3/50 HPs)
             Began as a Gnoll Warper on Dec 21, 2022.
             Engulfed by a cloud of poison gas (6 damage)
             ... on level 4 of the Dungeon.
             The game lasted 00:11:26 (3473 turns).

NinjaNoafa the Grasshopper (Gnoll Warper)           Turns: 3473, Time: 00:11:27

Health: -3/50      AC:  3    Str: 10    XL:     6   Next: 14%
Magic:  9/14       EV: 14    Int: 15    God:
Gold:   212        SH:  4    Dex: 17    Spells: 4/15 levels left

rFire   . . .      SeeInvis .    w - +1 morningstar (venom)
rCold   . . .      Faith    .    x - +0 buckler
rNeg    . . .      Spirit   .    u - +0 robe
rPois   .          Reflect  .    s - +1 hat
rElec   .          Harm     .    (no cloak)
rCorr   .          Rampage  .    (no gloves)
Will    .....                    (no boots)
Stlth   ++........               (no amulet)
HPRegen 0.28/turn                h - +6 ring of dexterity
MPRegen 0.14/turn                (no ring)

@: lethally poisoned (-3 -> -21), on blink cooldown
A: fangs 1, strong nose, distributed training
a: no special abilities


You were on level 4 of the Dungeon.
You visited 1 branch of the dungeon, and saw 4 of its levels.

You collected 212 gold pieces.

Inventory:

Hand Weapons
 w - a +1 morningstar of venom (weapon)
Missiles
 b - 3 boomerangs
 d - 7 boomerangs of dispersal (quivered)
 f - 51 stones
 g - 2 throwing nets
 j - 6 datura-tipped darts
Armour
 s - a +1 hat (worn)
 u - a +0 robe (worn)
 x - a +0 buckler (worn)
Jewellery
 h - a +6 ring of dexterity (left hand)
Scrolls
 a - a scroll of enchant armour {unknown}
 c - a scroll of blinking
 m - a scroll of enchant weapon {unknown}
 o - 2 scrolls of teleportation {unknown}
 p - 2 scrolls of poison
 r - a scroll of immolation {unknown}
 y - a scroll of identify {unknown}
Potions
 e - a potion of attraction {unknown}
 i - 2 potions of flight {unknown}
 k - 2 potions of brilliance {unknown}
 l - 2 potions of mutation {unknown}
 n - a potion of berserk rage {unknown}
 q - 2 potions of degeneration {unknown}
 t - a potion of curing {unknown}
 v - 2 potions of haste {unknown}


   Skills:
 + Level 4.9 Fighting
 + Level 1.9 Short Blades
 + Level 1.9 Long Blades
 + Level 1.9 Axes
 + Level 4.9 Maces & Flails
 + Level 1.9 Polearms
 + Level 1.9 Staves
 + Level 1.9 Ranged Weapons
 + Level 3.2 Throwing
 + Level 3.2 Armour
 + Level 4.9 Dodging
 + Level 1.9 Stealth
 + Level 1.9 Shields
 + Level 1.9 Unarmed Combat
 + Level 5.3 Spellcasting
 + Level 1.5 Conjurations
 + Level 1.5 Hexes
 + Level 1.5 Summonings
 + Level 1.5 Necromancy
 + Level 5.6 Translocations
 + Level 1.5 Transmutations
 + Level 1.5 Fire Magic
 + Level 1.5 Ice Magic
 + Level 1.5 Air Magic
 + Level 1.5 Earth Magic
 + Level 1.5 Poison Magic
 + Level 2.1 Invocations
 + Level 1.9 Evocations


You had 4 spell levels left.
You knew the following spells:

 Your Spells              Type           Power      Damage    Failure   Level
a - Blink                 Tloc           42%        N/A       3%          2
b - Lesser Beckoning      Tloc           42%        N/A       6%          3
c - Teleport Other        Tloc           21%        N/A       6%          3
d - Vhi's Electric Charg  Tloc/Air       28%        N/A       14%         3

Your spell library contained the following spells:

 Spells                   Type           Power      Damage    Failure   Level
 Manifold Assault         Tloc           21%        N/A       21%         4
 Stone Arrow              Conj/Erth      16%        3d8       32%         3
 Animate Armour           Summ/Erth      16%        N/A       73%         4
 Lehudib's Crystal Spear  Conj/Erth      4%         10d3      100%        8


Dungeon Overview and Level Annotations

Branches:
Dungeon (4/15)
 Temple: D:4-7

Altars:

Annotations:
D:4 Dowan


Innate Abilities, Weirdness & Mutations

You have very sharp teeth.
Your uncanny sense of smell can sniff out nearby items.
Your experience applies equally to all skills.


Message History

Dowan's eyes darken. "You have made a black mistake."
Dowan seems to find hidden reserves of power!
Dowan barely misses you. The grasping roots constrict you.
Dowan hits you with a +1 dagger of holy wrath.
The grasping roots constrict you.
Your Invocations skill increases to level 2!
You have reached level 6!
The air fills with toxic fumes!
As you read the scroll labelled GERPHO ANONOARAPEN, it crumbles to dust.
It was a scroll of poison.
Dowan hits you with a +1 dagger of holy wrath.
The grasping roots constrict you.
Really walk into that cloud of poison gas?
Okay, then.
You closely miss Dowan. Dowan closely misses you.
The grasping roots constrict you.
* * * LOW HITPOINT WARNING * * *
Dowan hits you with a +1 dagger of holy wrath.
* * * LOW HITPOINT WARNING * * *
The grasping roots constrict you.
* * * LOW HITPOINT WARNING * * *
Dowan hits you with a +1 dagger of holy wrath.
* * * LOW HITPOINT WARNING * * *
The grasping roots constrict you.
* * * LOW HITPOINT WARNING * * *
The grasping roots release their grip on you.
Casting: Vhi's Electric Charge (dangerous; 14% risk of failure)
Confirm with . or Enter, or press ? or * to list all spells.
Aiming: Teleport Other (dangerous; 6% risk of failure)
Press: ? - help, Shift-Dir - straight line, f - Dowan
Aim: Dowan, wielding a +1 dagger of holy wrath, wearing a +0 robe and carrying a wand of roots (3) (fast, chance to affect: 61%)
Okay, then.
Okay, then.
Sorry, you're not good enough to have a special ability.
Unknown command.
Casting: Teleport Other (dangerous; 6% risk of failure)
Confirm with . or Enter, or press ? or * to list all spells.
You blink.
You are engulfed in poison gas.
You are lethally poisoned!
You die...

#####. #.. ...... #.#
#.... ∆ #.# #.... #.#
#.... #.##+#+##.#.#
#.#§§§§§#§#.# #
#.#8§§§§§§#.# #.#####
##.#§@e§§#§#.#
#.....####..#######...#
#....................##
##....####...##......#
###### #############


You could see Dowan (fast).

Vanquished Creatures
  Duvessa (D:4)
  An orc priest (D:4)
  4 adders
  A worm (D:3)
  3 dart slugs (D:3)
  9 orcs
  3 endoplasms
  4 giant cockroaches
  5 goblins
  6 hobgoblins
  5 jackals (D:2)
  6 kobolds
  4 quokkas
  4 ball pythons
  6 bats
  3 rats
65 creatures vanquished.

Vanquished Creatures (others)
  A jackal (D:4)
  4 toadstools (D:1)
5 creatures vanquished.

Grand Total: 70 creatures vanquished

Notes
Turn   | Place    | Note
-------+----------+-------------------------------------------
     0 | D:1      | NinjaNoafa the Gnoll Warper began the quest for the Orb.
     0 | D:1      | Reached XP level 1. HP: 20/20 MP: 6/6
   123 | D:1      | Reached XP level 2. HP: 19/26 MP: 7/7
   180 | D:1      | Learned a level 2 spell: Blink
  1043 | D:2      | Reached skill level 5 in Spellcasting
  1043 | D:2      | Reached XP level 3. HP: 31/31 MP: 7/9
  1047 | D:2      | Learned a level 3 spell: Lesser Beckoning
  1051 | D:2      | Learned a level 3 spell: Teleport Other
  1055 | D:2      | Learned a level 3 spell: Vhi's Electric Charge
  1575 | D:2      | Reached skill level 1 in Invocations
  1605 | D:2      | Reached skill level 1 in Short Blades
  1605 | D:2      | Reached skill level 1 in Long Blades
  1605 | D:2      | Reached skill level 1 in Axes
  1605 | D:2      | Reached skill level 1 in Polearms
  1605 | D:2      | Reached skill level 1 in Staves
  1605 | D:2      | Reached skill level 1 in Ranged Weapons
  1605 | D:2      | Reached skill level 1 in Stealth
  1605 | D:2      | Reached skill level 1 in Shields
  1605 | D:2      | Reached skill level 1 in Unarmed Combat
  1605 | D:2      | Reached skill level 1 in Evocations
  2058 | D:2      | Reached XP level 4. HP: 38/38 MP: 11/11
  2508 | D:3      | Upgraded the game from 0.30-a0-475-g03497ec522 to
                  | 0.30-a0-476-g330ca2eb8e
  2584 | D:3      | Reached skill level 1 in Conjurations
  2584 | D:3      | Reached skill level 1 in Hexes
  2584 | D:3      | Reached skill level 1 in Summonings
  2584 | D:3      | Reached skill level 1 in Necromancy
  2584 | D:3      | Reached skill level 1 in Transmutations
  2584 | D:3      | Reached skill level 1 in Fire Magic
  2584 | D:3      | Reached skill level 1 in Ice Magic
  2584 | D:3      | Reached skill level 1 in Air Magic
  2584 | D:3      | Reached skill level 1 in Earth Magic
  2584 | D:3      | Reached skill level 1 in Poison Magic
  3321 | D:4      | Reached XP level 5. HP: 43/43 MP: 8/12
  3465 | D:4      | Noticed Duvessa
  3466 | D:4      | Noticed Dowan
  3470 | D:4      | Killed Duvessa
  3471 | D:4      | Reached XP level 6. HP: 22/50 MP: 10/14
  3473 | D:4      | Engulfed by a cloud of poison gas

Illustrated notes

Levels and vault maps discovered:
D:1:      ldierk_walled_garden_2, layout_basic, serial_rivers,
          chequers_serial_rivers_small_3, chequers_serial_rivers_micro_b,
          chequers_serial_rivers_micro_d, chequers_serial_rivers_small_a
D:2:      layout_basic, minmay_vboxes
D:3:      layout_basic, grunt_ministairs_11
D:4:      dreamdust_elfheim, layout_rooms, grunt_temple_overflow_holy_war,
          portal_sewer_entry_d, abandoned_shop

Skill      XL: |  1  2  3  4  5 |
---------------+----------------+-----
Spellcasting   | 5 |  5.3
Invocations    | 1 2 |  2.1
Short Blades   | 1 |  1.9
Long Blades    | 1 |  1.9
Axes           | 1 |  1.9
Polearms       | 1 |  1.9
Staves         | 1 |  1.9
Ranged Weapons | 1 |  1.9
Stealth        | 1 |  1.9
Shields        | 1 |  1.9
Unarmed Combat | 1 |  1.9
Evocations     | 1 |  1.9
Conjurations   | 1 |  1.5
Hexes          | 1 |  1.5
Summonings     | 1 |  1.5
Necromancy     | 1 |  1.5
Transmutations | 1 |  1.5
Fire Magic     | 1 |  1.5
Ice Magic      | 1 |  1.5
Air Magic      | 1 |  1.5
Earth Magic    | 1 |  1.5
Poison Magic   | 1 |  1.5
Throwing       | 3 |  3.2
Armour         | 3 |  3.2
Fighting       | |  4.9
Maces & Flails | |  4.9
Dodging        | |  4.9
Translocations | |  5.6

Action                   |  1- 3 |  4- 6 || total
-------------------------+-------+-------++-------
Melee: Mace              |   124 |    56 ||   180
       Bite              |    15 |     6 ||    21
       Morningstar       |       |    33 ||    33
       Punch             |       |     4 ||     4
 Cast: Teleport Other    |     4 |     3 ||     7
       Lesser Beckoning  |     2 |     2 ||     4
       Blink             |     2 |     1 ||     3
       Vhi's Electric Ch |       |    14 ||    14
  Use: Scroll            |       |     1 ||     1
Armor: Leather armour    |    32 |     7 ||    39
       Robe              |       |    11 ||    11
Dodge: Dodged            |    97 |    63 ||   160

Table legend: (Time is in decaauts)
 A = Elapsed time spent in this place.
 B = Non-inter-level travel time spent in this place.
 C = Inter-level travel time spent in this place.
 D = Time resting spent in this place.
 E = Time spent auto-exploring this place.
 F = Levels seen in this place.
 G = Mean time per level.
                   A        B        C        D        E       F      G
               +--------+--------+--------+--------+--------+-----+--------+
         Total |   3520 |   3253 |    267 |      8 |   2570 |   4 |  880.0 |
       Dungeon |   3520 |   3253 |    267 |      8 |   2570 |   4 |  880.0 |
               +--------+--------+--------+--------+--------+-----+--------+

Top non-repeatable levels by time:
     D:2: 1411 daAuts
     D:3: 1055 daAuts
     D:1: 894 daAuts
     D:4: 159 daAuts
